AoeStats
← [KMNB] Bandeira

Lombardia

509865638Analyzed
3v3 RM · 4d ago on Sep 28, 2026· 38m 37s· 6 players
Game mode
Random Map
Map size
Normal (6 player)
Population
200
Speed
Normal
Resources
Standard
Victory
Conquest
Starting age
Dark Age
Ending age
Imperial Age
RankedLock teamsTeams togetherTeam positionsShared explorationLock speedFull tech treeHidden civsTurbo modeCheats
Victory
Defeat
🇨🇳 Cumans · China
1635
+12
🇦🇺 Mongols · Australia
1532
+16
🇩🇪 Magyars · Germany
1502
+18
🇧🇷 Magyars · Brazil
1585
-17
🇧🇷 Saracens · Brazil
1540
-15
🇧🇷 Italians · Brazil
1502
-14
[KMNB] Dedão
6:34 Loom
9:09 Feudal Age
9:49 Double-Bit Axe
15:00 Wheelbarrow
15:20 Fletching
16:26 Padded Archer Armor
16:16 Horse Collar
22:57 Castle Age
21:27 Gold Mining
21:32 Stone Mining
23:33 Bodkin Arrow
23:01 Crossbowman
23:58 Bow Saw
27:36 Ballistics
27:51 Leather Archer Armor
28:15 Heavy Plow
29:01 Thumb Ring
32:47 Stone Shaft Mining
32:52 Hand Cart
32:38 Town Watch
37:05 Imperial Age
38:18 Coinage
37:12 Elite Genoese Crossbowman
38:57 Chemistry
38:51 Conscription
38:36 Bracer
[KMNB] Galodoido
8:28 Feudal Age
8:22 Loom
14:09 Fletching
17:01 Double-Bit Axe
23:37 Castle Age
21:56 Gold Mining
21:49 Horse Collar
22:19 Padded Archer Armor
23:41 Crossbowman
24:17 Bodkin Arrow
35:30 Forging
35:25 Scale Barding Armor
35:36 Leather Archer Armor
37:15 Ballistics
38:42 Iron Casting
38:28 Chain Barding Armor
[KMNB] Bandeira
6:45 Loom
9:30 Feudal Age
10:05 Double-Bit Axe
10:34 Horse Collar
13:27 Scale Barding Armor
21:24 Castle Age
20:40 Bloodlines
20:42 Gold Mining
22:39 Chain Barding Armor
23:49 Wheelbarrow
23:33 Bow Saw
23:26 Heavy Plow
24:12 Wheelbarrow
24:20 Husbandry
35:50 Stone Mining
38:53 Hand Cart
38:59 Hand Cart
Nexuz
9:49 Feudal Age
10:11 Loom
12:22 Double-Bit Axe
16:15 Horse Collar
19:10 Castle Age
18:12 Scale Barding Armor
19:25 Bloodlines
19:22 Gold Mining
21:40 Chain Barding Armor
23:30 Husbandry
24:13 Bow Saw
25:26 Wheelbarrow
28:54 Hand Cart
31:48 Town Watch
32:07 Heavy Plow
32:38 Town Watch
33:46 Fletching
34:44 Gold Shaft Mining
37:29 Bodkin Arrow
40:44 Imperial Age
38:57 Thumb Ring
hzos6240
5:35 Loom
8:24 Feudal Age
10:36 Wheelbarrow
11:08 Double-Bit Axe
12:12 Horse Collar
21:02 Castle Age
19:47 Scale Barding Armor
21:13 Bloodlines
22:40 Forging
23:13 Gold Mining
28:01 Hand Cart
28:05 Man-at-Arms
29:36 Chain Barding Armor
34:10 Imperial Age
32:01 Town Watch
32:20 Stone Mining
35:51 Iron Casting
35:04 Elite Steppe Lancer
35:25 Capped Ram
39:16 Blast Furnace
Jeremy V
6:19 Loom
8:55 Feudal Age
12:33 Double-Bit Axe
12:31 Horse Collar
13:35 Forging
14:19 Scale Barding Armor
27:46 Gold Mining
31:53 Castle Age
32:57 Bow Saw
33:50 Heavy Plow
39:36 Wheelbarrow
Connection lost

Rejoining the realm…

Still unreachable

The connection could not be restored.

Session expired

The server has moved on; the page needs a fresh start.